Ducks vs Canucks

Created - 5 mars 2022 at 17:00

Goals
1 2 3 T
Ducks 1 0 1 2
Canucks 1 0 2 3
Shots
1 2 3 T
Ducks 12 10 13 35
Canucks 12 8 4 24

GoalsPenalties
1st period
1. Ducks , Erik Haula 13 (Lars Eller 8) at 4:08
2. Canucks , Artem Zub 10 (Alex Galchenyuk 8, Trevor Moore 7) at 18:50 (PP)
John Marino (ANA) for Holding (Minor) at 8:20
Joel Eriksson Ek (ANA) for Hooking (Minor) at 8:40
Austin Wagner (VAN) for Hooking (Minor) at 11:12
Kirill Kaprizov (ANA) for Hooking (Minor) at 16:07
Damon Severson (ANA) for Roughing (Minor) at 18:28
2nd period
No Goal
Austin Wagner (VAN) for Tripping (Minor) at 4:39
John Marino (ANA) for Hooking (Minor) at 9:10
3rd period
3. Canucks , Jack Hughes 15 (Ryan Getzlaf 16) at 2:29
4. Ducks , Thomas Chabot 5 (Travis Konecny 18, Joel Eriksson Ek 16) at 5:30 (PP)
5. Canucks , Arttu Ruotsalainen 9 (Sam Gagner 1, Artem Zub 27) at 6:32
Artem Zub (VAN) for Holding (Minor) at 4:19
Ian Cole (VAN) for Boarding (Minor) at 9:54
Dakota Mermis (VAN) for Roughing (Minor) at 19:33
Goalie Stats
Tristan Jarry (ANA), 21 saves from 24 shots - (0,875), L, 28-28-2, 58:44 minutes
Thatcher Demko (VAN), 33 saves from 35 shots - (0,943), W, 17-24-3, 60:00 minutes
3 StarsOfficial
1 - Artem Zub (VAN)
2 - Arttu Ruotsalainen (VAN)
3 - Jack Hughes (VAN)
Referees : Kendrick Nicholson and Dave Jackson
Linesman : Brad Lazarowich and Derek Amell
Game Note
Jonathan Drouin is injured at 17:08 of 2nd period (Right Foot)



Team Name Goals Shots Shots Attemp Shots Blocked PIM HIT PP PK FO%
Ducks 23583610191 / 5 (20%)152%
Canucks 324561010291 / 5 (20%)148%

Ducks
Player Name POS G A P +/- PIM HIT SHT SB MP PP MP PP SHT PK MP PK SHT FO% FOT
Connor MurphyD0001012318:380:0003:2200% 0
Damon SeversonD0001221021:153:5912:0100% 0
Erik HaulaC/LW1011002011:040:0000:00075% 4
Evgeni MalkinC000-1001020:203:3500:00055% 11
Jean-Gabriel PageauC000-1013020:333:3503:24051% 35
Jeremy LauzonD0000032116:500:0003:1700% 0
Joel Eriksson EkC/LW/RW0111224017:233:5902:20043% 7
John MarinoD0000400215:070:2601:1000% 0
Kirill KaprizovLW000-1202020:193:3500:0000% 0
Lars EllerC0111022014:190:0003:15044% 18
Mikhail SergachevD000-2012024:013:3513:2800% 0
Ondrej PalatLW000-1002017:333:5910:00050% 2
Roope HintzC/LW000-1057020:203:3510:0000% 0
Sean KuralyC000000004:310:0000:07075% 4
Thomas ChabotD101-2001020:313:3310:0000% 0
Travis KonecnyRW011-1003017:333:5910:000100% 1
Zach Aston-ReeseC/LW/RW000002006:560:0002:3200% 0
Zemgus GirgensonsC/LW/RW000000104:240:0000:0000% 1
Canucks
Player Name POS G A P +/- PIM HIT SHT SB MP PP MP PP SHT PK MP PK SHT FO% FOT
Alex GalchenyukC/LW011-1033021:473:2113:14154% 26
Alexander KerfootC/LW/RW000-1015118:333:2130:0000% 1
Artem ZubD1120232122:293:5123:4300% 0
Arttu RuotsalainenC1011021010:000:0001:32044% 9
Austin WagnerLW/RW000041009:430:0000:0000% 0
Christian FischerRW0000011010:300:0000:0000% 1
Dakota MermisD0000200113:450:0001:1200% 0
David BackesC/RW000100007:320:0000:0000% 0
Ian ColeD0000234121:173:5132:3100% 0
Jack HughesC/LW/RW1011012121:083:1804:3210% 1
Jan RuttaD0000000212:340:0000:0000% 0
Jared SpurgeonD0001011324:562:4813:5100% 0
Jonathan DrouinC/LW/RW0000000013:553:1801:540100% 1
P.K. SubbanD0001081024:562:4813:5100% 0
Quinton ByfieldC0001011012:360:0000:00033% 6
Ryan GetzlafC0111031020:323:1803:56053% 36
Sam GagnerC/LW/RW011100107:350:0000:0000% 1
Trevor MooreC/LW/RW011-1011018:333:2110:0000% 1

Ducks

5 vs 5 Forward
Line #Left WingCenterRight WingPHYDFOFWanted %Time %Time Play
1Kirill KaprizovEvgeni MalkinRoope Hintz0143536%16:20
2Ondrej PalatJean-Gabriel PageauTravis Konecny1133030%13:34
3Erik HaulaLars EllerJoel Eriksson Ek0322524%11:04
4Zemgus GirgensonsSean KuralyZach Aston-Reese1311010%4:24
5 vs 5 Defense
Line #DefenseDefensePHYDFOFWanted %Time %Time Play
1Mikhail SergachevThomas Chabot1223736%16:33
2Connor MurphyDamon Severson1313334%15:16
3John MarinoJeremy Lauzon1403030%13:33
4Connor MurphyMikhail Sergachev03200%0:00
Power Play Forward
Line #Left WingCenterRight WingPHYDFOFWanted %Time %Time Play
1Roope HintzJean-Gabriel PageauKirill Kaprizov1045047%3:35
2Ondrej PalatJoel Eriksson EkTravis Konecny1135053%3:59
Power Play Defense
Line #DefenseDefensePHYDFOFWanted %Time %Time Play
1Evgeni MalkinMikhail Sergachev1135047%3:35
2Thomas ChabotDamon Severson1135053%3:59
Penalty Kill 4 Players Forward
Line #CenterWingPHYDFOFWanted %Time %Time Play
1Lars EllerJoel Eriksson Ek1405149%2:28
2Jean-Gabriel PageauZach Aston-Reese1404951%2:32
Penalty Kill 4 Players Defense
Line #DefenseDefensePHYDFOFWanted %Time %Time Play
1John MarinoConnor Murphy1405049%2:27
2Jeremy LauzonMikhail Sergachev1405051%2:33
Penalty Kill 3 Players
Line #WingPHYDFOFWanted %Time %Time PlayDefenseDefensePHYDFOFWanted %Time %Time Play
1Lars Eller1405047%0:47 Mikhail SergachevConnor Murphy1405056%0:55
2Jean-Gabriel Pageau1405053%0:52 Jeremy LauzonJohn Marino1405044%0:44
4 vs 4 Forward
Line #CenterWingPHYDFOFWanted %Time %Time Play
1Evgeni MalkinRoope Hintz122500%0:00
2Jean-Gabriel PageauKirill Kaprizov122500%0:00
4 vs 4 Defense
Line #DefensePHYDFOFWanted %Time %Time Play
1Mikhail SergachevConnor Murphy122500%0:00
2Damon SeversonJohn Marino122500%0:00
Last Minutes Offensive
Left WingCenterRight WingDefenseDefense
Kirill KaprizovEvgeni MalkinRoope HintzMikhail SergachevThomas Chabot
Last Minutes Defensive
Left WingCenterRight WingDefenseDefense
Ondrej PalatJean-Gabriel PageauJoel Eriksson EkMikhail SergachevConnor Murphy
Time
Total ForwardTotal DefenseLast Minutes OffensiveLast Minutes Defensive
60:00 60:00 0:250:00
Extra Forwards
Normal PowerPlayPenalty Kill
Erik Haula, Sean Kuraly, Zach Aston-ReeseSean Kuraly, Ondrej PalatSean Kuraly
Extra Defensemen
Normal PowerPlayPenalty Kill
Connor Murphy, Jeremy Lauzon, Damon SeversonJohn Marino, Damon SeversonConnor Murphy
Penalty Shots
Kirill Kaprizov, Evgeni Malkin, Roope Hintz, Travis Konecny, Jean-Gabriel Pageau
Goalie
Tristan Jarry, David Rittich
Custom OT Lines Forwards
Evgeni Malkin, Roope Hintz, Kirill Kaprizov, Jean-Gabriel Pageau, Joel Eriksson Ek, Ondrej Palat, Travis Konecny, Lars Eller, Erik Haula, Sean Kuraly
Custom OT Lines Defensemen
Mikhail Sergachev, Connor Murphy, Thomas Chabot, John Marino, Damon Severson
Scratches
Jacob de la Rose (Healthy), Carl Gunnarsson (Healthy)

Canucks

5 vs 5 Forward
Line #Left WingCenterRight WingPHYDFOFWanted %Time %Time Play
1Jack HughesRyan GetzlafJonathan Drouin1133029%13:05
2Trevor MooreAlex GalchenyukAlexander Kerfoot1133033%15:12
3Austin WagnerQuinton ByfieldChristian Fischer2122421%9:45
4Sam GagnerArttu RuotsalainenDavid Backes1221617%7:32
5 vs 5 Defense
Line #DefenseDefensePHYDFOFWanted %Time %Time Play
1Jared SpurgeonP.K. Subban1223028%12:32
2Artem ZubIan Cole1223033%14:56
3Jan RuttaDakota Mermis1222427%12:21
4Jared SpurgeonP.K. Subban1221613%5:45
Power Play Forward
Line #Left WingCenterRight WingPHYDFOFWanted %Time %Time Play
1Jack HughesRyan GetzlafJonathan Drouin0055050%3:18
2Trevor MooreAlex GalchenyukAlexander Kerfoot0055050%3:21
Power Play Defense
Line #DefenseDefensePHYDFOFWanted %Time %Time Play
1Jared SpurgeonP.K. Subban0145042%2:48
2Artem ZubIan Cole0145058%3:51
Penalty Kill 4 Players Forward
Line #CenterWingPHYDFOFWanted %Time %Time Play
1Ryan GetzlafJack Hughes1225052%3:56
2Alex GalchenyukJonathan Drouin1225048%3:38
Penalty Kill 4 Players Defense
Line #DefenseDefensePHYDFOFWanted %Time %Time Play
1Jared SpurgeonP.K. Subban1225051%3:51
2Artem ZubIan Cole1225049%3:43
Penalty Kill 3 Players
Line #WingPHYDFOFWanted %Time %Time PlayDefenseDefensePHYDFOFWanted %Time %Time Play
1Ryan Getzlaf122500%0:00 Jared SpurgeonP.K. Subban122500%0:00
2Jack Hughes122500%0:00 Artem ZubIan Cole122500%0:00
4 vs 4 Forward
Line #CenterWingPHYDFOFWanted %Time %Time Play
1Ryan GetzlafJack Hughes122500%0:00
2Alex GalchenyukJonathan Drouin122500%0:00
4 vs 4 Defense
Line #DefensePHYDFOFWanted %Time %Time Play
1Jared SpurgeonP.K. Subban122500%0:00
2Artem ZubIan Cole122500%0:00
Last Minutes Offensive
Left WingCenterRight WingDefenseDefense
Jack HughesRyan GetzlafJonathan DrouinJared SpurgeonP.K. Subban
Last Minutes Defensive
Left WingCenterRight WingDefenseDefense
Jack HughesRyan GetzlafJonathan DrouinJared SpurgeonP.K. Subban
Time
Total ForwardTotal DefenseLast Minutes OffensiveLast Minutes Defensive
60:00 60:00 0:000:13
Extra Forwards
Normal PowerPlayPenalty Kill
Jonathan Drouin, Quinton Byfield, Arttu RuotsalainenQuinton Byfield, Austin WagnerArttu Ruotsalainen
Extra Defensemen
Normal PowerPlayPenalty Kill
Jan Rutta, Dakota Mermis, Artem ZubJan Rutta, Dakota MermisArtem Zub
Penalty Shots
Ryan Getzlaf, Jack Hughes, Alex Galchenyuk, Jonathan Drouin, Trevor Moore
Goalie
Thatcher Demko, Chris Driedger
Custom OT Lines Forwards
Ryan Getzlaf, Jack Hughes, Alex Galchenyuk, Jonathan Drouin, Trevor Moore, Quinton Byfield, Alexander Kerfoot, Austin Wagner, Arttu Ruotsalainen, Christian Fischer
Custom OT Lines Defensemen
Jared Spurgeon, P.K. Subban, Artem Zub, Ian Cole, Jan Rutta
Scratches
Karson Kuhlman (Healthy), Jordan Oesterle (Healthy), Laurent Dauphin (Healthy)


Play-by-Play

1st period


0:01 of 1st period - Evgeni Malkin wins face-off versus Ryan Getzlaf in neutral zone.
0:27 of 1st period - Shot by Evgeni Malkin.
0:27 of 1st period - Shot Misses the Net.
0:29 of 1st period - Shot by Thomas Chabot.
0:29 of 1st period - Shot Misses the Net.
0:58 of 1st period - Icing by Jared Spurgeon.
0:59 of 1st period - Ryan Getzlaf wins face-off versus Lars Eller in Canucks zone.
0:59 of 1st period - Ryan Getzlaf is hit by Joel Eriksson Ek.
1:27 of 1st period - Shot by Alex Galchenyuk.
1:27 of 1st period - Stopped by Tristan Jarry without a rebound.
1:28 of 1st period - Travis Konecny wins face-off versus Quinton Byfield in Ducks zone.
1:28 of 1st period - Travis Konecny is hit by Christian Fischer.
1:34 of 1st period - Shot by Quinton Byfield.
1:34 of 1st period - Stopped by Tristan Jarry without a rebound.
1:35 of 1st period - Alex Galchenyuk wins face-off versus Jean-Gabriel Pageau in Ducks zone.
2:33 of 1st period - Shot by Austin Wagner.
2:33 of 1st period - Shot Misses the Net.
2:35 of 1st period - Shot by Christian Fischer.
2:35 of 1st period - Stopped by Tristan Jarry without a rebound.
2:36 of 1st period - Sean Kuraly wins face-off versus Arttu Ruotsalainen in Ducks zone.
2:47 of 1st period - Shot by Arttu Ruotsalainen.
2:47 of 1st period - Shot Blocked by John Marino.
2:59 of 1st period - Shot by Zemgus Girgensons.
2:59 of 1st period - Shot Misses the Net.
3:01 of 1st period - Shot by Jeremy Lauzon.
3:01 of 1st period - Stopped by Thatcher Demko with a rebound.
3:03 of 1st period - Shot by Zach Aston-Reese.
3:03 of 1st period - Shot Blocked by Jared Spurgeon.
3:29 of 1st period - Jeremy Lauzon is hit by Austin Wagner and loses puck.
3:52 of 1st period - Shot by Kirill Kaprizov.
3:52 of 1st period - Stopped by Thatcher Demko with a rebound.
3:54 of 1st period - Shot by Evgeni Malkin.
3:54 of 1st period - Stopped by Thatcher Demko with a rebound.
3:56 of 1st period - Shot by Roope Hintz.
3:56 of 1st period - Deflect By Evgeni Malkin.
3:56 of 1st period - Shot Misses the Net.
3:58 of 1st period - Shot by Kirill Kaprizov.
3:58 of 1st period - Shot Blocked by Jan Rutta.
4:06 of 1st period - Shot by Roope Hintz.
4:06 of 1st period - Stopped by Thatcher Demko without a rebound.
4:07 of 1st period - Lars Eller wins face-off versus Alex Galchenyuk in Canucks zone.
4:08 of 1st period - Shot by Erik Haula.
4:08 of 1st period - Goal by Erik Haula - Ducks : 1 - Canucks : 0.
4:09 of 1st period - Alex Galchenyuk wins face-off versus Lars Eller in neutral zone.
4:12 of 1st period - Lars Eller is hit by Alexander Kerfoot and loses puck.
4:25 of 1st period - Shot by Joel Eriksson Ek.
4:25 of 1st period - Shot Misses the Net.
4:29 of 1st period - Shot by Joel Eriksson Ek.
4:29 of 1st period - Stopped by Thatcher Demko without a rebound.
4:30 of 1st period - Evgeni Malkin wins face-off versus Jack Hughes in Canucks zone.
4:30 of 1st period - Kirill Kaprizov is hit by P.K. Subban and loses puck.
5:59 of 1st period - Icing by Jared Spurgeon.
6:00 of 1st period - Jean-Gabriel Pageau wins face-off versus Ryan Getzlaf in Canucks zone.
6:26 of 1st period - Ondrej Palat is hit by P.K. Subban.
6:29 of 1st period - Travis Konecny is hit by P.K. Subban and loses puck.
6:57 of 1st period - Icing by Artem Zub.
6:58 of 1st period - Alex Galchenyuk wins face-off versus Lars Eller in Canucks zone.
7:35 of 1st period - Shot by Lars Eller.
7:35 of 1st period - Stopped by Thatcher Demko without a rebound.
7:36 of 1st period - Evgeni Malkin wins face-off versus Christian Fischer in Canucks zone.
7:49 of 1st period - Shot by Kirill Kaprizov.
7:49 of 1st period - Shot Misses the Net.
7:51 of 1st period - Shot by Damon Severson.
7:51 of 1st period - Shot Misses the Net.
7:53 of 1st period - Shot by Connor Murphy.
7:53 of 1st period - Stopped by Thatcher Demko without a rebound.
7:54 of 1st period - Jean-Gabriel Pageau wins face-off versus Arttu Ruotsalainen in Canucks zone.
7:55 of 1st period - Shot by Travis Konecny.
7:55 of 1st period - Stopped by Thatcher Demko with a rebound.
8:02 of 1st period - Sam Gagner is hit by Jeremy Lauzon and loses puck.
8:20 of 1st period - Minor Penalty to John Marino for Holding.
8:21 of 1st period - Lars Eller wins face-off versus Alex Galchenyuk in Ducks zone.
8:40 of 1st period - Minor Penalty to Joel Eriksson Ek for Hooking.
8:41 of 1st period - Alex Galchenyuk wins face-off versus Jean-Gabriel Pageau in Ducks zone.
8:42 of 1st period - Shot by Artem Zub.
8:42 of 1st period - Shot Blocked by Connor Murphy.
9:01 of 1st period - Shot by Alex Galchenyuk.
9:01 of 1st period - Stopped by Tristan Jarry without a rebound.
9:02 of 1st period - Ryan Getzlaf wins face-off versus Jean-Gabriel Pageau in Ducks zone.
9:09 of 1st period - Shot by P.K. Subban.
9:09 of 1st period - Shot Hit the Post.
9:11 of 1st period - Shot by Ryan Getzlaf.
9:11 of 1st period - Shot Misses the Net.
9:13 of 1st period - Shot by Jared Spurgeon.
9:13 of 1st period - Shot Misses the Net.
9:43 of 1st period - Shot by Ryan Getzlaf.
9:43 of 1st period - Shot Blocked by Jeremy Lauzon.
9:58 of 1st period - Icing by Trevor Moore.
9:59 of 1st period - Jean-Gabriel Pageau wins face-off versus Alex Galchenyuk in Canucks zone.
10:19 of 1st period - Shot by Alexander Kerfoot.
10:19 of 1st period - Stopped by Tristan Jarry without a rebound.
10:20 of 1st period - Lars Eller wins face-off versus Alex Galchenyuk in Ducks zone.
10:20 of 1st period - Lars Eller is hit by Alex Galchenyuk.
10:48 of 1st period - Shot by Austin Wagner.
10:48 of 1st period - Shot Misses the Net.
11:09 of 1st period - Shot by Christian Fischer.
11:09 of 1st period - Deflect By Austin Wagner.
11:09 of 1st period - Shot Misses the Net.
11:12 of 1st period - Minor Penalty to Austin Wagner for Hooking.
11:13 of 1st period - Joel Eriksson Ek wins face-off versus Ryan Getzlaf in Canucks zone.
11:22 of 1st period - Shot by Joel Eriksson Ek.
11:22 of 1st period - Shot Misses the Net.
12:11 of 1st period - Icing by Mikhail Sergachev.
12:12 of 1st period - Ryan Getzlaf wins face-off versus Jean-Gabriel Pageau in Ducks zone.
12:15 of 1st period - Shot by Jack Hughes.
12:15 of 1st period - Stopped by Tristan Jarry without a rebound.
12:16 of 1st period - Jean-Gabriel Pageau wins face-off versus Alex Galchenyuk in Ducks zone.
12:27 of 1st period - Shot by Roope Hintz.
12:27 of 1st period - Stopped by Thatcher Demko without a rebound.
12:28 of 1st period - Ryan Getzlaf wins face-off versus Jean-Gabriel Pageau in Canucks zone.
12:39 of 1st period - Shot by Evgeni Malkin.
12:39 of 1st period - Shot Misses the Net.
12:47 of 1st period - Shot by Mikhail Sergachev.
12:47 of 1st period - Stopped by Thatcher Demko without a rebound.
12:48 of 1st period - Ryan Getzlaf wins face-off versus Joel Eriksson Ek in Canucks zone.
12:48 of 1st period - Ryan Getzlaf is hit by Joel Eriksson Ek.
13:52 of 1st period - Shot by Trevor Moore.
13:52 of 1st period - Deflect By Alexander Kerfoot.
13:52 of 1st period - Stopped by Tristan Jarry without a rebound.
13:53 of 1st period - Quinton Byfield wins face-off versus Jean-Gabriel Pageau in Ducks zone.
14:20 of 1st period - Ondrej Palat is hit by Ian Cole and loses puck.
15:02 of 1st period - Shot by Connor Murphy.
15:02 of 1st period - Stopped by Thatcher Demko without a rebound.
15:03 of 1st period - Evgeni Malkin wins face-off versus Alex Galchenyuk in Canucks zone.
15:03 of 1st period - Evgeni Malkin is hit by Jared Spurgeon.
15:30 of 1st period - Trevor Moore is hit by Jeremy Lauzon and loses puck.
15:55 of 1st period - Evgeni Malkin is hit by P.K. Subban and loses puck.
16:07 of 1st period - Minor Penalty to Kirill Kaprizov for Hooking.
16:08 of 1st period - Ryan Getzlaf wins face-off versus Lars Eller in Ducks zone.
16:15 of 1st period - Shot by Ryan Getzlaf.
16:15 of 1st period - Shot Hit the Post.
16:17 of 1st period - Shot by Ian Cole.
16:17 of 1st period - Shot Blocked by Connor Murphy.
16:19 of 1st period - Shot by Artem Zub.
16:19 of 1st period - Stopped by Tristan Jarry without a rebound.
16:20 of 1st period - Ryan Getzlaf wins face-off versus Jean-Gabriel Pageau in Ducks zone.
16:39 of 1st period - Shot by Jack Hughes.
16:39 of 1st period - Shot Misses the Net.
17:16 of 1st period - Shot by P.K. Subban.
17:16 of 1st period - Shot Blocked by Connor Murphy.
17:20 of 1st period - Shot by Jared Spurgeon.
17:20 of 1st period - Stopped by Tristan Jarry without a rebound.
17:21 of 1st period - Lars Eller wins face-off versus Ryan Getzlaf in Ducks zone.
17:36 of 1st period - Joel Eriksson Ek is hit by Jack Hughes and loses puck.
17:41 of 1st period - Shot by P.K. Subban.
17:41 of 1st period - Stopped by Tristan Jarry without a rebound.
17:42 of 1st period - Jean-Gabriel Pageau wins face-off versus Alex Galchenyuk in Ducks zone.
17:52 of 1st period - Shot by Alexander Kerfoot.
17:52 of 1st period - Shot Misses the Net.
17:54 of 1st period - Shot by Alex Galchenyuk.
17:54 of 1st period - Shot Misses the Net.
17:56 of 1st period - Shot by Trevor Moore.
17:56 of 1st period - Deflect By Alexander Kerfoot.
17:56 of 1st period - Stopped by Tristan Jarry without a rebound.
17:57 of 1st period - Lars Eller wins face-off versus Ryan Getzlaf in Ducks zone.
18:27 of 1st period - Arttu Ruotsalainen is hit by Damon Severson and loses puck.
18:28 of 1st period - Minor Penalty to Damon Severson for Roughing.
18:29 of 1st period - Jean-Gabriel Pageau wins face-off versus Alex Galchenyuk in Ducks zone.
18:42 of 1st period - Shot by Trevor Moore.
18:42 of 1st period - Shot Blocked by John Marino.
18:44 of 1st period - Shot by Ian Cole.
18:44 of 1st period - Shot Misses the Net.
18:50 of 1st period - Shot by Artem Zub.
18:50 of 1st period - Goal by Artem Zub - Ducks : 1 - Canucks : 1.
18:51 of 1st period - Jean-Gabriel Pageau wins face-off versus Ryan Getzlaf in neutral zone.
Goals for this period are 1 for Ducks vs 1 for Canucks.
Shots for this period are 12 for Ducks vs 12 for Canucks.

2nd period


0:01 of 2nd period - Lars Eller wins face-off versus Alex Galchenyuk in neutral zone.
0:06 of 2nd period - Artem Zub is hit by Lars Eller and loses puck.
0:11 of 2nd period - Shot by Joel Eriksson Ek.
0:11 of 2nd period - Stopped by Thatcher Demko with a rebound.
0:13 of 2nd period - Shot by Lars Eller.
0:13 of 2nd period - Shot Blocked by Ian Cole.
0:15 of 2nd period - Shot by Joel Eriksson Ek.
0:15 of 2nd period - Shot Misses the Net.
0:19 of 2nd period - Shot by Joel Eriksson Ek.
0:19 of 2nd period - Shot Misses the Net.
0:27 of 2nd period - Shot by Lars Eller.
0:27 of 2nd period - Shot Blocked by Alexander Kerfoot.
1:12 of 2nd period - Quinton Byfield is hit by Connor Murphy and loses puck.
1:17 of 2nd period - Shot by Austin Wagner.
1:17 of 2nd period - Deflect By Quinton Byfield.
1:17 of 2nd period - Shot Misses the Net.
1:19 of 2nd period - Shot by P.K. Subban.
1:19 of 2nd period - Shot Misses the Net.
1:28 of 2nd period - Jared Spurgeon is hit by Roope Hintz and loses puck.
1:48 of 2nd period - Connor Murphy is hit by P.K. Subban.
2:03 of 2nd period - Icing by John Marino.
2:04 of 2nd period - Jean-Gabriel Pageau wins face-off versus Ryan Getzlaf in Ducks zone.
2:36 of 2nd period - Shot by Travis Konecny.
2:36 of 2nd period - Shot Blocked by Jan Rutta.
3:18 of 2nd period - David Backes is hit by Mikhail Sergachev and loses puck.
3:33 of 2nd period - Shot by Mikhail Sergachev.
3:33 of 2nd period - Stopped by Thatcher Demko without a rebound.
3:34 of 2nd period - Alex Galchenyuk wins face-off versus Evgeni Malkin in Canucks zone.
4:27 of 2nd period - Off-side.
4:28 of 2nd period - Arttu Ruotsalainen wins face-off versus Lars Eller in neutral zone.
4:36 of 2nd period - Icing by Lars Eller.
4:37 of 2nd period - Erik Haula wins face-off versus Quinton Byfield in Ducks zone.
4:39 of 2nd period - Minor Penalty to Austin Wagner for Tripping.
4:40 of 2nd period - Joel Eriksson Ek wins face-off versus Ryan Getzlaf in Canucks zone.
4:56 of 2nd period - Icing by Travis Konecny.
4:57 of 2nd period - Alex Galchenyuk wins face-off versus Joel Eriksson Ek in Ducks zone.
5:06 of 2nd period - Shot by Jonathan Drouin.
5:06 of 2nd period - Deflect By Alex Galchenyuk.
5:06 of 2nd period - Stopped by Tristan Jarry with a rebound.
5:18 of 2nd period - Shot by Damon Severson.
5:18 of 2nd period - Stopped by Thatcher Demko without a rebound.
5:19 of 2nd period - Ryan Getzlaf wins face-off versus Jean-Gabriel Pageau in Canucks zone.
5:19 of 2nd period - Ryan Getzlaf is hit by Roope Hintz.
7:11 of 2nd period - Shot by Austin Wagner.
7:11 of 2nd period - Deflect By Quinton Byfield.
7:11 of 2nd period - Shot Misses the Net.
7:13 of 2nd period - Shot by Quinton Byfield.
7:13 of 2nd period - Shot Misses the Net.
8:53 of 2nd period - Icing by Artem Zub.
8:54 of 2nd period - Evgeni Malkin wins face-off versus Ryan Getzlaf in Canucks zone.
9:10 of 2nd period - Minor Penalty to John Marino for Hooking.
9:11 of 2nd period - Alex Galchenyuk wins face-off versus Jean-Gabriel Pageau in Ducks zone.
9:44 of 2nd period - Shot by Trevor Moore.
9:44 of 2nd period - Stopped by Tristan Jarry without a rebound.
9:45 of 2nd period - Jean-Gabriel Pageau wins face-off versus Ryan Getzlaf in Ducks zone.
10:00 of 2nd period - Shot by Ian Cole.
10:00 of 2nd period - Stopped by Tristan Jarry without a rebound.
10:01 of 2nd period - Alex Galchenyuk wins face-off versus Lars Eller in Ducks zone.
10:10 of 2nd period - Shot by Alexander Kerfoot.
10:10 of 2nd period - Stopped by Tristan Jarry without a rebound.
10:11 of 2nd period - Jonathan Drouin wins face-off versus Jean-Gabriel Pageau in Ducks zone.
10:12 of 2nd period - Shot by Ian Cole.
10:12 of 2nd period - Stopped by Tristan Jarry with a rebound.
10:14 of 2nd period - Shot by Ian Cole.
10:14 of 2nd period - Stopped by Tristan Jarry without a rebound.
10:15 of 2nd period - Jean-Gabriel Pageau wins face-off versus Ryan Getzlaf in Ducks zone.
10:15 of 2nd period - Mikhail Sergachev is hit by Ryan Getzlaf and loses puck.
10:51 of 2nd period - Shot by Ian Cole.
10:51 of 2nd period - Shot Misses the Net.
11:36 of 2nd period - Icing by Connor Murphy.
11:37 of 2nd period - Alex Galchenyuk wins face-off versus Evgeni Malkin in Ducks zone.
11:53 of 2nd period - Kirill Kaprizov is hit by P.K. Subban and loses puck.
11:58 of 2nd period - Shot by Evgeni Malkin.
11:58 of 2nd period - Shot Misses the Net.
12:03 of 2nd period - Icing by Jared Spurgeon.
12:04 of 2nd period - Lars Eller wins face-off versus Alex Galchenyuk in Canucks zone.
12:23 of 2nd period - Shot by Trevor Moore.
12:23 of 2nd period - Shot Misses the Net.
12:26 of 2nd period - Icing by Lars Eller.
12:27 of 2nd period - Ryan Getzlaf wins face-off versus Lars Eller in Ducks zone.
12:50 of 2nd period - Shot by Joel Eriksson Ek.
12:50 of 2nd period - Shot Misses the Net.
12:52 of 2nd period - Shot by Joel Eriksson Ek.
12:52 of 2nd period - Stopped by Thatcher Demko without a rebound.
12:53 of 2nd period - Jean-Gabriel Pageau wins face-off versus Quinton Byfield in Canucks zone.
12:58 of 2nd period - Shot by Jean-Gabriel Pageau.
12:58 of 2nd period - Shot Misses the Net.
13:20 of 2nd period - Shot by Jean-Gabriel Pageau.
13:20 of 2nd period - Shot Misses the Net.
13:36 of 2nd period - Shot by Travis Konecny.
13:36 of 2nd period - Shot Misses the Net.
13:38 of 2nd period - Shot by Jean-Gabriel Pageau.
13:38 of 2nd period - Shot Misses the Net.
13:56 of 2nd period - Shot by Roope Hintz.
13:56 of 2nd period - Stopped by Thatcher Demko without a rebound.
13:57 of 2nd period - Alex Galchenyuk wins face-off versus Lars Eller in Canucks zone.
14:27 of 2nd period - Icing by Mikhail Sergachev.
14:28 of 2nd period - Lars Eller wins face-off versus Ryan Getzlaf in Ducks zone.
14:28 of 2nd period - Lars Eller is hit by Ryan Getzlaf.
14:38 of 2nd period - Shot by Erik Haula.
14:38 of 2nd period - Shot Misses the Net.
14:40 of 2nd period - Shot by Lars Eller.
14:40 of 2nd period - The goal is going for a video replay.
14:40 of 2nd period - The goal is refused.
14:41 of 2nd period - Arttu Ruotsalainen wins face-off versus Jean-Gabriel Pageau in Canucks zone.
14:41 of 2nd period - Arttu Ruotsalainen is hit by Jean-Gabriel Pageau.
14:49 of 2nd period - Jean-Gabriel Pageau is hit by Arttu Ruotsalainen and loses puck.
15:08 of 2nd period - Shot by Jean-Gabriel Pageau.
15:08 of 2nd period - Stopped by Thatcher Demko without a rebound.
15:09 of 2nd period - Alex Galchenyuk wins face-off versus Evgeni Malkin in Canucks zone.
15:49 of 2nd period - Shot by Kirill Kaprizov.
15:49 of 2nd period - Stopped by Thatcher Demko without a rebound.
15:50 of 2nd period - Ryan Getzlaf wins face-off versus Jean-Gabriel Pageau in Canucks zone.
15:52 of 2nd period - Icing by P.K. Subban.
15:53 of 2nd period - Jean-Gabriel Pageau wins face-off versus Ryan Getzlaf in Canucks zone.
15:54 of 2nd period - Shot by Connor Murphy.
15:54 of 2nd period - Shot Misses the Net.
16:20 of 2nd period - Shot by Jack Hughes.
16:20 of 2nd period - Shot Misses the Net.
17:02 of 2nd period - Shot by Evgeni Malkin.
17:02 of 2nd period - Shot Misses the Net.
17:07 of 2nd period - Jonathan Drouin is hit by Roope Hintz and loses puck.
17:08 of 2nd period - Jonathan Drouin from Canucks is injured at 17:08 of 2nd period (Right Foot).
17:09 of 2nd period - Erik Haula wins face-off versus Alex Galchenyuk in neutral zone.
17:12 of 2nd period - Shot by Erik Haula.
17:12 of 2nd period - Deflect By Joel Eriksson Ek.
17:12 of 2nd period - The goal is going for a video replay.
17:12 of 2nd period - The goal is refused.
17:13 of 2nd period - Erik Haula wins face-off versus Alexander Kerfoot in Canucks zone.
17:24 of 2nd period - Erik Haula is hit by Alex Galchenyuk and loses puck.
17:39 of 2nd period - Shot by Alex Galchenyuk.
17:39 of 2nd period - Shot Misses the Net.
17:41 of 2nd period - Shot by Ian Cole.
17:41 of 2nd period - Shot Misses the Net.
18:23 of 2nd period - Christian Fischer is hit by Roope Hintz and loses puck.
18:27 of 2nd period - Jan Rutta is hit by Roope Hintz and loses puck.
18:48 of 2nd period - Icing by Jeremy Lauzon.
18:49 of 2nd period - Arttu Ruotsalainen wins face-off versus Evgeni Malkin in Ducks zone.
19:18 of 2nd period - Shot by Sam Gagner.
19:18 of 2nd period - Stopped by Tristan Jarry without a rebound.
19:19 of 2nd period - Jean-Gabriel Pageau wins face-off versus Ryan Getzlaf in Ducks zone.
19:26 of 2nd period - Shot by Jean-Gabriel Pageau.
19:26 of 2nd period - Shot Misses the Net.
19:28 of 2nd period - Shot by Jean-Gabriel Pageau.
19:28 of 2nd period - Stopped by Thatcher Demko without a rebound.
19:29 of 2nd period - Alex Galchenyuk wins face-off versus Erik Haula in Canucks zone.
19:29 of 2nd period - Alex Galchenyuk is hit by Lars Eller.
19:51 of 2nd period - Shot by Ian Cole.
19:51 of 2nd period - Stopped by Tristan Jarry without a rebound.
19:52 of 2nd period - Ondrej Palat wins face-off versus Ryan Getzlaf in Ducks zone.
19:52 of 2nd period - Ondrej Palat is hit by Quinton Byfield.
Goals for this period are 0 for Ducks vs 0 for Canucks.
Shots for this period are 10 for Ducks vs 8 for Canucks.

3rd period


0:01 of 3rd period - Quinton Byfield wins face-off versus Jean-Gabriel Pageau in neutral zone.
0:21 of 3rd period - Mikhail Sergachev is hit by Ryan Getzlaf and loses puck.
1:09 of 3rd period - Shot by Alexander Kerfoot.
1:09 of 3rd period - Stopped by Tristan Jarry without a rebound.
1:10 of 3rd period - Arttu Ruotsalainen wins face-off versus Lars Eller in Ducks zone.
1:11 of 3rd period - Shot by David Backes.
1:11 of 3rd period - Shot Misses the Net.
1:39 of 3rd period - Shot by Joel Eriksson Ek.
1:39 of 3rd period - Deflect By Lars Eller.
1:39 of 3rd period - Shot Misses the Net.
1:49 of 3rd period - Jeremy Lauzon is hit by Arttu Ruotsalainen and loses puck.
2:25 of 3rd period - Off-side.
2:26 of 3rd period - Ryan Getzlaf wins face-off versus Jean-Gabriel Pageau in neutral zone.
2:29 of 3rd period - Shot by Jack Hughes.
2:29 of 3rd period - Goal by Jack Hughes - Ducks : 1 - Canucks : 2.
2:30 of 3rd period - Alex Galchenyuk wins face-off versus Jean-Gabriel Pageau in neutral zone.
2:41 of 3rd period - Shot by Trevor Moore.
2:41 of 3rd period - Shot Misses the Net.
2:46 of 3rd period - Thomas Chabot is hit by Ian Cole and loses puck.
3:13 of 3rd period - Shot by Alexander Kerfoot.
3:13 of 3rd period - Shot Misses the Net.
3:31 of 3rd period - Shot by Evgeni Malkin.
3:31 of 3rd period - Shot Misses the Net.
4:04 of 3rd period - Icing by Ian Cole.
4:05 of 3rd period - Sean Kuraly wins face-off versus Trevor Moore in Canucks zone.
4:19 of 3rd period - Minor Penalty to Artem Zub for Holding.
4:20 of 3rd period - Ryan Getzlaf wins face-off versus Joel Eriksson Ek in Canucks zone.
4:27 of 3rd period - Shot by Damon Severson.
4:27 of 3rd period - Shot Blocked by Jack Hughes.
4:29 of 3rd period - Shot by Travis Konecny.
4:29 of 3rd period - Stopped by Thatcher Demko without a rebound.
4:30 of 3rd period - Jean-Gabriel Pageau wins face-off versus Ryan Getzlaf in Canucks zone.
5:06 of 3rd period - Off-side.
5:07 of 3rd period - Joel Eriksson Ek wins face-off versus Arttu Ruotsalainen in neutral zone.
5:30 of 3rd period - Shot by Thomas Chabot.
5:30 of 3rd period - Goal by Thomas Chabot - Ducks : 2 - Canucks : 2.
5:31 of 3rd period - Sean Kuraly wins face-off versus Quinton Byfield in neutral zone.
5:34 of 3rd period - Christian Fischer is hit by Zach Aston-Reese and loses puck.
5:45 of 3rd period - Shot by Zach Aston-Reese.
5:45 of 3rd period - Shot Misses the Net.
5:47 of 3rd period - Shot by John Marino.
5:47 of 3rd period - Shot Blocked by Dakota Mermis.
5:49 of 3rd period - Shot by Zemgus Girgensons.
5:49 of 3rd period - Deflect By Zach Aston-Reese.
5:49 of 3rd period - Shot Misses the Net.
6:32 of 3rd period - Shot by Arttu Ruotsalainen.
6:32 of 3rd period - Goal by Arttu Ruotsalainen - Ducks : 2 - Canucks : 3.
6:33 of 3rd period - Jean-Gabriel Pageau wins face-off versus Alex Galchenyuk in neutral zone.
6:40 of 3rd period - Shot by Travis Konecny.
6:40 of 3rd period - Shot Blocked by Jared Spurgeon.
6:55 of 3rd period - Ondrej Palat is hit by P.K. Subban.
6:57 of 3rd period - Shot by Jean-Gabriel Pageau.
6:57 of 3rd period - Shot Misses the Net.
6:59 of 3rd period - Shot by Jean-Gabriel Pageau.
6:59 of 3rd period - Shot Misses the Net.
7:41 of 3rd period - Shot by Evgeni Malkin.
7:41 of 3rd period - Shot Misses the Net.
7:55 of 3rd period - Shot by Roope Hintz.
7:55 of 3rd period - Stopped by Thatcher Demko with a rebound.
7:57 of 3rd period - Shot by Roope Hintz.
7:57 of 3rd period - Stopped by Thatcher Demko with a rebound.
8:29 of 3rd period - Shot by Erik Haula.
8:29 of 3rd period - Stopped by Thatcher Demko without a rebound.
8:30 of 3rd period - Ryan Getzlaf wins face-off versus Sean Kuraly in Canucks zone.
8:48 of 3rd period - Shot by Zemgus Girgensons.
8:48 of 3rd period - Stopped by Thatcher Demko without a rebound.
8:49 of 3rd period - Jean-Gabriel Pageau wins face-off versus Arttu Ruotsalainen in Canucks zone.
9:08 of 3rd period - Shot by Travis Konecny.
9:08 of 3rd period - Shot Misses the Net.
9:10 of 3rd period - Shot by Ondrej Palat.
9:10 of 3rd period - Stopped by Thatcher Demko without a rebound.
9:11 of 3rd period - Evgeni Malkin wins face-off versus Ryan Getzlaf in Canucks zone.
9:42 of 3rd period - Shot by Roope Hintz.
9:42 of 3rd period - Stopped by Thatcher Demko without a rebound.
9:43 of 3rd period - Jean-Gabriel Pageau wins face-off versus Sam Gagner in Canucks zone.
9:43 of 3rd period - Jean-Gabriel Pageau is hit by Artem Zub.
9:54 of 3rd period - Minor Penalty to Ian Cole for Boarding.
9:55 of 3rd period - Ryan Getzlaf wins face-off versus Joel Eriksson Ek in Canucks zone.
10:05 of 3rd period - Ondrej Palat is hit by Artem Zub and loses puck.
10:28 of 3rd period - Shot by Travis Konecny.
10:28 of 3rd period - Deflect By Ondrej Palat.
10:28 of 3rd period - Stopped by Thatcher Demko without a rebound.
10:29 of 3rd period - Ryan Getzlaf wins face-off versus Jean-Gabriel Pageau in Canucks zone.
10:49 of 3rd period - Icing by Roope Hintz.
10:50 of 3rd period - Alex Galchenyuk wins face-off versus Jean-Gabriel Pageau in Ducks zone.
11:00 of 3rd period - Jean-Gabriel Pageau is hit by Alex Galchenyuk.
11:16 of 3rd period - Shot by Evgeni Malkin.
11:16 of 3rd period - Shot Misses the Net.
11:18 of 3rd period - Shot by Roope Hintz.
11:18 of 3rd period - Shot Misses the Net.
11:22 of 3rd period - Shot by Roope Hintz.
11:22 of 3rd period - Shot Misses the Net.
11:24 of 3rd period - Shot by Mikhail Sergachev.
11:24 of 3rd period - Shot Misses the Net.
11:58 of 3rd period - Shot by John Marino.
11:58 of 3rd period - Shot Misses the Net.
12:30 of 3rd period - Shot by Christian Fischer.
12:30 of 3rd period - Shot Misses the Net.
12:45 of 3rd period - Icing by P.K. Subban.
12:46 of 3rd period - Ryan Getzlaf wins face-off versus Lars Eller in Canucks zone.
13:02 of 3rd period - Shot by Ryan Getzlaf.
13:02 of 3rd period - Stopped by Tristan Jarry with a rebound.
13:04 of 3rd period - Shot by Jared Spurgeon.
13:04 of 3rd period - Shot Misses the Net.
13:25 of 3rd period - Jared Spurgeon is hit by Damon Severson and loses puck.
13:35 of 3rd period - Joel Eriksson Ek is hit by Trevor Moore and loses puck.
13:56 of 3rd period - Shot by Mikhail Sergachev.
13:56 of 3rd period - Shot Misses the Net.
13:58 of 3rd period - Shot by Mikhail Sergachev.
13:58 of 3rd period - Shot Misses the Net.
14:00 of 3rd period - Shot by Roope Hintz.
14:00 of 3rd period - Shot Misses the Net.
14:50 of 3rd period - Shot by Jean-Gabriel Pageau.
14:50 of 3rd period - Stopped by Thatcher Demko without a rebound.
14:51 of 3rd period - Ryan Getzlaf wins face-off versus Zemgus Girgensons in Canucks zone.
14:51 of 3rd period - Ryan Getzlaf is hit by Zach Aston-Reese.
14:58 of 3rd period - Jared Spurgeon is hit by Jeremy Lauzon and loses puck.
15:05 of 3rd period - Shot by Jeremy Lauzon.
15:05 of 3rd period - Stopped by Thatcher Demko without a rebound.
15:06 of 3rd period - Jean-Gabriel Pageau wins face-off versus Arttu Ruotsalainen in Canucks zone.
15:07 of 3rd period - Shot by Ondrej Palat.
15:07 of 3rd period - Shot Blocked by Artem Zub.
15:28 of 3rd period - Jean-Gabriel Pageau is hit by Artem Zub and loses puck.
15:51 of 3rd period - Shot by Travis Konecny.
15:51 of 3rd period - Stopped by Thatcher Demko with a rebound.
16:54 of 3rd period - Icing by Mikhail Sergachev.
16:55 of 3rd period - Ryan Getzlaf wins face-off versus Evgeni Malkin in Ducks zone.
17:12 of 3rd period - Shot by Ryan Getzlaf.
17:12 of 3rd period - Shot Misses the Net.
18:06 of 3rd period - Travis Konecny is hit by Ian Cole and loses puck.
18:44 of 3rd period - Ducks, Tristan Jarry is pulled from the net.
19:01 of 3rd period - Lars Eller is hit by P.K. Subban and loses puck.
19:04 of 3rd period - Shot by Joel Eriksson Ek.
19:04 of 3rd period - Shot Blocked by Jared Spurgeon.
19:30 of 3rd period - Shot by Evgeni Malkin.
19:30 of 3rd period - Shot Misses the Net.
19:32 of 3rd period - Shot by Roope Hintz.
19:32 of 3rd period - Stopped by Thatcher Demko with a rebound.
19:33 of 3rd period - Minor Penalty to Dakota Mermis for Roughing.
19:34 of 3rd period - Ryan Getzlaf wins face-off versus Ondrej Palat in Canucks zone.
Goals for this period are 1 for Ducks vs 2 for Canucks.
Shots for this period are 13 for Ducks vs 4 for Canucks.